 Dungeon Crawl Stone Soup version 0.28.0-49-g6dfe1f597d (webtiles) character file.

Game seed: 13170749051933100803

874 styxcanada the Covert (level 7, -9/36 HPs)
             Began as a Spriggan Brigand on May 19, 2022.
             Killed from afar by an acid dragon (27 damage)
             ... with a splash of acid
             ... on level 6 of the Dungeon.
             The game lasted 00:28:07 (6518 turns).

styxcanada the Covert (Spriggan Brigand)            Turns: 6518, Time: 00:28:08

Health: -9/36      AC:  6    Str:  7    XL:     7   Next: 74%
Magic:  8/8        EV: 20    Int: 12    God:
Gold:   384        SH:  0    Dex: 19    Spells: 6/6 levels left

rFire   . . .      SeeInvis +   a - +2 dagger
rCold   . . .      Faith    .   (no shield)
rNeg    . . .      Spirit   .   b - +0 robe
rPois   .          Reflect  .   q - +2 hat
rElec   .          Harm     .   c - +1 cloak
rCorr   .          Rampage  .   (gloves unavailable)
Will    ++...                   (boots unavailable)
Stlth   +++++.....              o - amulet of magic regeneration
HPRegen 0.12/turn               p - ring of willpower
MPRegen 0.51/turn               (no ring)

@: very quick
A: very small, no large weapons, unfitting armour, see invisible, speed 3
a: no special abilities


You were on level 6 of the Dungeon.
You visited 1 branch of the dungeon, and saw 6 of its levels.

You collected 384 gold pieces.

Inventory:

Hand Weapons
 a - a +2 dagger (weapon)
 r - a +3 quarterstaff of chaos
 s - a +0 hunting sling
Missiles
 d - 2 boomerangs
 f - 195 stones
 h - 18 sling bullets
 l - a curare-tipped dart
 n - 2 poisoned darts (quivered)
Armour
 b - a +0 robe (worn)
 c - a +1 cloak (worn)
 q - a +2 hat (worn)
Jewellery
 o - an amulet of magic regeneration (around neck)
 p - a ring of willpower (left hand)
Scrolls
 e - a scroll of amnesia
 g - a scroll of blinking
 i - 2 scrolls of teleportation
Potions
 k - a potion of lignification
 u - 2 potions of degeneration {unknown}


   Skills:
 + Level 3.2 Fighting
 + Level 4.2 Short Blades
 + Level 2.3(3.4) Slings
 + Level 3.1(3.4) Throwing
 * Level 5.5 Dodging
 * Level 9.8 Stealth


You had 6 spell levels left.
You didn't know any spells.
Your spell library contained the following spells:

 Spells                   Type           Power      Damage    Failure   Level
 Animate Skeleton         Necr           0%         N/A       32%         1
 Apportation              Tloc           0%         N/A       32%         1
 Summon Small Mammal      Summ           0%         N/A       32%         1
 Frozen Ramparts          Ice            0%         1d2       69%         3
 Gell's Gravitas          Tloc           0%         N/A       69%         3
 Spider Form              Tmut/Pois      0%         N/A       69%         3
 Teleport Other           Tloc           0%         N/A       69%         3
 Hailstorm                Conj/Ice       0%         3d3       97%         4
 Dispersal                Tloc           0%         N/A       100%        6
 Polar Vortex             Ice            0%         N/A       100%        9


Dungeon Overview and Level Annotations

Branches:
Dungeon (6/15)
 Temple: D:4-7

Altars:
Okawaru
Ru
The Shining One

Shops:
D:1 (


Innate Abilities, Weirdness & Mutations

You are very small and have problems with some larger weapons.
You are too small for most types of armour.
You have supernaturally acute eyesight. (SInv)
You cover ground extremely quickly. (Speed+++)


Message History

The acid dragon closely misses you. x2
You hit the acid dragon but do no damage.
The acid dragon is lightly wounded.
The acid dragon spits acid at you. The splash of acid hits you!!
Ouch! That really hurt!
You hear a croak.
You hit the acid dragon but do no damage.
The acid dragon is lightly wounded.
The acid dragon spits acid at you. The splash of acid misses you.
The bullfrog falls through a shaft!
The shaft crumbles and collapses.
Throw: 6 darts (poison)
Press: ? - help, Q - select action, (/) - cycle Shift-Dir - straight line, f - acid dragon
Aim: an acid dragon (lightly wounded, catching its breath, 63% to hit)
You throw a poisoned dart.
The poisoned dart closely misses the acid dragon.
Unknown command.
An orc comes into view. It is wielding a +0 trident.
Throw: 5 darts (poison)
Press: ? - help, Q - select action, (/) - cycle Shift-Dir - straight line, f/p - acid dragon
Aim: an acid dragon (63% to hit)
You throw a poisoned dart. The poisoned dart hits the acid dragon.
Unknown command.
Throw: 4 darts (poison)
Press: ? - help, Q - select action, (/) - cycle Shift-Dir - straight line, f/p - acid dragon
Aim: an acid dragon (63% to hit)
You throw a poisoned dart.
The poisoned dart closely misses the acid dragon.
Unknown command.
Throw: 3 darts (poison)
Press: ? - help, Q - select action, (/) - cycle Shift-Dir - straight line, f/p - acid dragon
Aim: an acid dragon (63% to hit)
You throw a poisoned dart.
The poisoned dart closely misses the acid dragon.
The poisoned dart barely misses the orc.
The acid dragon spits acid at you. The splash of acid hits you!!
Ouch! That really hurt!
You die...

.........# ......#..#
.........####
....?...>.o..
..........#####
..........##..
..........##.# #
.(........##.#####.#
...#...#((.o.D..@..##
..
#...#.###............
#
#...#.#.....#########
.....#.#.###.#
....###.#.#.#.###
..... #.#..<#...#
..... #.#######.#
#.........#
###########


You could see an acid dragon (catching breath) and an orc.

Vanquished Creatures
  Eustachio (D:5)
  A centaur (D:5)
  A water moccasin skeleton (D:5)
  2 howler monkeys
  A hound (D:5)
  Crazy Yiuf (D:2)
  A centaur skeleton (D:5)
  An orc priest (D:4)
  A scorpion zombie (D:5)
  4 iguanas
  2 orc wizards (D:4)
  8 gnolls
  4 adders
  An ufetubus (D:4)
  An adder skeleton (D:4)
  5 worms (D:2)
  5 dart slugs
  5 orcs
  3 bats
  8 endoplasms
  3 giant cockroaches (D:4)
  5 goblins
  6 hobgoblins
  5 jackals
  9 kobolds
  5 quokkas
  8 ball pythons
  2 frilled lizards
  7 rats
106 creatures vanquished.

Vanquished Creatures (others)
  A fungus (D:2)
  14 plants (D:5)
15 creatures vanquished.

Grand Total: 121 creatures vanquished

Notes
Turn   | Place    | Note
-------+----------+-------------------------------------------
     0 | D:1      | styxcanada the Spriggan Brigand began the quest for the
                  | Orb.
     0 | D:1      | Reached XP level 1. HP: 10/10 MP: 2/2
    14 | D:1      | Reached skill level 6 in Stealth
   222 | D:1      | Reached XP level 2. HP: 15/15 MP: 3/3
   359 | D:1      | Found Tycwogh's Antique Weapon Shop.
   760 | D:1      | Reached XP level 3. HP: 7/18 MP: 4/4
  1266 | D:1      | Found Xoyw's Distillery.
  1547 | D:2      | Reached skill level 7 in Stealth
  1755 | D:2      | Reached XP level 4. HP: 20/23 MP: 5/5
  2263 | D:2      | Found a runed translucent door.
  2264 | D:2      | Noticed Crazy Yiuf
  2271 | D:2      | Killed Crazy Yiuf
  2404 | D:2      | Found a faded altar of an unknown god.
  2925 | D:3      | Reached XP level 5. HP: 24/26 MP: 6/6
  3039 | D:3      | Reached skill level 8 in Stealth
  3379 | D:3      | Got the Reference Book on Contamination and Snow
  4430 | D:4      | Reached XP level 6. HP: 32/32 MP: 7/7
  4448 | D:4      | Found a glowing golden altar of the Shining One.
  4599 | D:4      | Found an iron altar of Okawaru.
  4716 | D:4      | Identified the +1 pair of boots of Oraxt {rElec rN++ rCorr
                  | MP-9}
  4794 | D:4      | Reached skill level 9 in Stealth
  4910 | D:5      | Entered Level 5 of the Dungeon
  5061 | D:5      | Reached skill level 1 in Slings
  5266 | D:5      | Found a sacrificial altar of Ru.
  5266 | D:5      | Noticed Eustachio
  5425 | D:5      | Reached XP level 7. HP: 35/35 MP: 8/8
  5753 | D:5      | Killed Eustachio
  5805 | D:5      | Identified the +1 leather armour of Dotuif {rN+}
  5877 | D:5      | Reached skill level 5 in Dodging
  6518 | D:6      | Killed from afar by an acid dragon

Illustrated notes

Levels and vault maps discovered:
D:1:      sevenhm_arrival_forest_fort_large_4, layout_basic, serial_shops,
          nicolae_shop_behind_doors, nicolae_shop_overgrown_old_shop
D:2:      layout_loops_ring, shapermc_ecumenical_altar_hornbeckon,
          serial_bayou_pond_e, uniq_crazy_yiuf_cottage
D:3:      layout_rooms, solitary_fountain
D:4:      layout_basic, lemuel_round_altar, lemuel_coloured_pillars_altar,
          amcnicky_mini_corridor_feature
D:5:      layout_loops_ring, lemuel_tele_altar, serial_bayou_pond_d,
          serial_bayou_crossing, uniq_eustachio
D:6:      layout_basic, mainiacjoe_overflow_alcove_2, zin_purify, led_sif_book,
          minmay_temple_entry_ruins, ebering_ghost_sewer_d, uniq_prince_ribbit1

Skill      XL: |  1  2  3  4  5  6  7 |
---------------+----------------------+-----
Stealth        | 6 7 8 9 |  9.8
Dodging        | 2 3 4 5 |  5.5
Fighting       | 2 3 |  3.2
Short Blades   | 3 4 |  4.2
Slings         | 1 2 |  2.3
Throwing       | 3 |  3.1

Action                   |  1- 3 |  4- 6 |  7- 9 || total
-------------------------+-------+-------+-------++-------
Melee: Dagger            |    95 |   287 |    91 ||   473
       Punch             |     2 |     5 |     2 ||     9
 Fire: Hunting sling     |       |    35 |     2 ||    37
Throw: Dart              |    21 |    26 |    14 ||    61
       Boomerang         |       |     9 |       ||     9
       Stone             |       |     4 |       ||     4
       Throwing net      |       |     1 |       ||     1
  Use: Scroll            |       |     9 |     1 ||    10
       Potion            |       |     4 |       ||     4
 Stab: Sleeping          |    16 |    16 |     2 ||    34
       Distracted        |       |     3 |       ||     3
Armor: Robe              |    11 |    24 |    20 ||    55
       Skin              |       |    30 |    16 ||    46
Dodge: Dodged            |    51 |   204 |    79 ||   334
